 Dungeon Crawl Stone Soup version 0.23-a0-650-ga4d50d4 (webtiles) character file.

179 Blackhawk the Poker (level 5, 0/38 HPs)
             Began as a Merfolk Monk on Jan 6, 2019.
             Slain by a gnoll
             ... wielding a +0 spear
              (1 damage)
             ... on level 3 of the Dungeon.
             The game lasted 00:07:45 (3331 turns).

Blackhawk the Poker (Merfolk Monk)                  Turns: 3331, Time: 00:07:46

Health: 0/38       AC:  2    Str: 12    XL:     5   Next: 59%
Magic:  0/5        EV: 15    Int:  9    God:
Gold:   103        SH:  0    Dex: 17    Spells: 4/4 levels left

rFire    + . .     SeeInvis .   a - +0 spear
rCold    . . .     Gourm    .   (no shield)
rNeg     . . .     Faith    .   b - +0 robe
rPois    +         Spirit   +   (no helmet)
rElec    .         Reflect  .   (no cloak)
rCorr    .         Harm     .   (no gloves)
MR       .....                  (no boots)
Stlth    ++........             q - amulet of guardian spirit
HPRegen  0.52/turn              s - ring of poison resistance
MPRegen  0.09/turn              (no ring)

@: no status effects
A: change form in water, swift swim, stealthy swim, fire resistance 1, frail 1,
regeneration 1
a: no special abilities


You were on level 3 of the Dungeon.
You were not hungry.

You visited 1 branch of the dungeon, and saw 3 of its levels.

You collected 103 gold pieces.

Inventory:

Hand Weapons
 a - a +0 spear (weapon)
Armour
 b - a +0 robe (worn)
Jewellery
 q - an amulet of guardian spirit (around neck)
 s - a ring of poison resistance (left hand)
Wands
 j - a wand of polymorph (5)
Scrolls
 d - a scroll of identify
 e - 2 scrolls of random uselessness {unknown}
 f - 2 scrolls of fear {unknown}
 g - 2 scrolls of enchant armour {unknown}
 k - 2 scrolls of magic mapping {unknown}
 l - a scroll of fog {unknown}
 o - a scroll of enchant weapon {unknown}
 p - a scroll of amnesia {unknown}
 r - 2 scrolls of teleportation {unknown}
 t - a scroll of blinking {unknown}
 u - a scroll of noise {unknown}
Potions
 h - 2 potions of heal wounds
 i - a potion of lignification
 m - 3 potions of ambrosia
Comestibles
 c - 6 rations
 n - a chunk of flesh


   Skills:
 + Level 4.3 Fighting
 + Level 5.8 Polearms
 + Level 1.6 Armour
 + Level 5.3 Dodging
 - Level 2.3 Stealth


You had 4 spell levels left.
You didn't know any spells.
Your spell library was empty.

Dungeon Overview and Level Annotations

Branches:
Dungeon (3/15)

Altars:
Dithmenos
Nemelex Xobeh
Vehumet
Xom


Innate Abilities, Weirdness & Mutations

You revert to your normal form in water.
You are very nimble and swift while swimming.
You are very stealthy in the water. (Stealth+)
Your flesh is heat resistant. (rF+)
You are frail. (-10% HP)
Your natural rate of healing is unusually fast.


Message History

The gnoll hits you from afar with a +0 spear.
The gnoll hits you from afar with a +0 spear.
* * * LOW HITPOINT WARNING * * *
The gnoll closely misses you.
You closely miss the gnoll.
The gnoll is heavily wounded.
The gnoll hits you with a +0 spear.
* * * LOW HITPOINT WARNING * * *
You hit the gnoll.
The gnoll is almost dead.
You hit the gnoll but do no damage.
The gnoll is almost dead.
The gnoll hits you with a +0 spear!
* * * LOW HITPOINT WARNING * * *
You hit the gnoll.
You kill the gnoll!
You hit the gnoll.
The gnoll is severely wounded.
The gnoll hits you from afar with a +0 spear.
You die...

..##..#.### ##.)...####.#####....
.####.#.# ###.......###.....#....
..##..#.# .............>...####'
........##.##..(.....########.##.
##.......#.# #.....#.# ###.##.
###..#..##.# ##...##.# #.#....
.##...# #.# ##g# #.# #.....
.....# #.# #g# #g# ##....
####.#####.#####@# #.# ##..... #
#..<.......##.# #.# .#...... #
#..##.........# #.# #.......
#..##.#.##.#### #.# ##......
#.....#.##.######.# .........
##.####.#.......g># ###.#.... #.#
#.#..######## #.##... #.# #....#
.. #### #.# ###..# > #


You could see 2 gnolls.

Vanquished Creatures
  A centaur zombie (D:3)
  Jessica (D:2)
  A gnoll (D:3)
  5 adders
  4 worms (D:2)
  A dart slug (D:1)
  3 leopard geckos
  2 giant cockroaches
  7 goblins
  3 hobgoblins
  6 kobolds
  A quokka (D:2)
  10 bats
  6 frilled lizards
  5 rats
56 creatures vanquished.

Notes
Turn   | Place    | Note
-------+----------+-------------------------------------------
     0 | D:1      | Blackhawk the Merfolk Monk began the quest for the Orb.
     0 | D:1      | Reached XP level 1. HP: 18/18 MP: 1/1
   173 | D:1      | Reached XP level 2. HP: 16/24 MP: 2/2
  1099 | D:2      | Found a faded altar of an unknown god.
  1099 | D:2      | Noticed Jessica
  1131 | D:2      | Killed Jessica
  1131 | D:2      | Reached skill level 5 in Polearms
  1131 | D:2      | Reached XP level 3. HP: 30/30 MP: 3/3
  1188 | D:2      | Reached skill level 1 in Armour
  1188 | D:2      | Reached XP level 4. HP: 37/37 MP: 4/4
  2011 | D:2      | Found a shimmering altar of Xom.
  2233 | D:2      | Found a sparkling altar of Nemelex Xobeh.
  2435 | D:2      | Found a radiant altar of Vehumet.
  2653 | D:3      | Gained mutation: You are frail. (-10% HP) [potion of
                  | mutation]
  2653 | D:3      | Gained mutation: Your flesh is heat resistant. (rF+)
                  | [potion of mutation]
  2653 | D:3      | Gained mutation: Your natural rate of healing is unusually
                  | fast. [potion of mutation]
  2755 | D:3      | Reached skill level 5 in Dodging
  2765 | D:3      | Reached XP level 5. HP: 15/37 MP: 2/5
  3089 | D:3      | Found a shadowy altar of Dithmenos.
  3329 | D:3      | HP: 1/38 [gnoll/+0 spear (8)]
  3331 | D:3      | Slain by a gnoll

Vault maps used:
D:1:      noname_arrival_rooms_in_the_neighbourhood
D:2:      old_standard_altar, nemelex_xobeh_ov_fountains_minmay,
          nicolae_overflow_crystal_walls, chequers_ecumenical_altar_island,
          chequers_decorated_corner, uniq_jessica
D:3:      nicolae_dithmenos_shadow_blocks, kennysheep_generic_room_4

Skill      XL: |  1  2  3  4 |
---------------+-------------+-----
Polearms       | 5 |  5.8
Armour         | 1 |  1.6
Fighting       | 4 |  4.3
Dodging        | 5 |  5.3
Stealth        | |  2.3

Action                   |  1- 3 |  4- 6 || total
-------------------------+-------+-------++-------
Melee: Spear             |    81 |   192 ||   273
       Unarmed           |     5 |       ||     5
  Use: Scroll            |       |     4 ||     4
       Potion            |       |     1 ||     1
 Stab: Sleeping          |     6 |     4 ||    10
       Distracted        |       |     1 ||     1
  Eat: Chunk             |     1 |     7 ||     8
Armor: Robe              |     7 |    34 ||    41
       Skin              |     4 |       ||     4
Dodge: Dodged            |    48 |   171 ||   219

Table legend:
 A = Non-vault XP
 B = Vault XP
 C = Vault XP percentage of total XP
 D = Non-vault monster count
 E = Vault monster count
 F = Vault count percentage of total count
                 A         B        C        D         E       F
            +---------+---------+-------+---------+---------+-------
      Total |     220 |      37 |  14.4 |      55 |       1 |   1.8
            +---------+---------+-------+---------+---------+-------
        D:1 |      23 |       0 |   0.0 |      13 |       0 |   0.0
        D:2 |      72 |      37 |  33.9 |      21 |       1 |   4.5
        D:3 |     125 |       0 |   0.0 |      21 |       0 |   0.0
            +---------+---------+-------+---------+---------+-------
